[Event "XXXI Torre Memorial 2019"]
[Site "Merida"]
[Date "2019.12.15"]
[Round "4.13"]
[White "Martin Del Campo C., Roberto"]
[Black "Gonzalez Zamora, Juan Carlos"]
[Result "1/2-1/2"]
[ECO "B42"]
[WhiteElo "2314"]
[BlackElo "2535"]
[Annotator "ChessBase"]
[PlyCount "108"]
[EventDate "2019.12.13"]
[EventType "swiss"]
[EventCountry "MEX"]
[SourceTitle "playchess.com"]
[Source "ChessBase"]
[SourceQuality "1"]
[TimeControl "5400+30"]

1. e4 c5 2. Nf3 e6 3. d4 cxd4 4. Nxd4 a6 5. Bd3 Bc5 6. Nb3 Be7 7. Nc3 d6 8. f4 Bh4+ 9. g3 Bf6 10. Qf3 Nc6 11. Bd2 Nge7 12. O-O-O Qc7 13. g4 Bxc3 14. Bxc3 e5 15. f5 b5 16. f6 gxf6 17. Qxf6 Rg8 18. Be2 Be6 19. g5 O-O-O 20. Rhg1 Kb8 21. Kb1 Rc8 22. Bg4 b4 23. Bxe6 fxe6 24. Bd2 a5 25. Qxe6 a4 26. Na1 Nd4 27. Qh3 Nec6 28. a3 bxa3 29. Qxa3 Kb7 30. Be3 Ra8 31. Bxd4 exd4 32. h4 Ra5 33. Rgf1 Re8 34. Rf5 Rxe4 35. Rxa5 Qxa5 36. Qxd6 Re1 37. Rxe1 Qxe1+ 38. Ka2 Qxh4 39. Qc5 Qf4 40. b3 Qf7 41. Qb5+ Kc7 42. Qxa4 Qd5 43. Ka3 Qxg5 44. b4 Qc1+ 45. Ka2 Qd2 46. b5 Qa5 47. Ka3 Qc3+ 48. Nb3 Ne5 49. Qa7+ Kd6 50. Qxd4+ Qxd4 51. Nxd4 Kc5 52. Nf5 Kxb5 53. Kb3 Kc5 54. Kc3 Kb6 1/2-1/2

[Event "XXXI Torre Memorial 2019"]
[Site "Merida"]
[Date "2019.12.16"]
[Round "5.1"]
[White "Santiago, Yago De Moura"]
[Black "Ibarra Chami, Luis Fernando"]
[Result "1/2-1/2"]
[ECO "A28"]
[WhiteElo "2479"]
[BlackElo "2423"]
[Annotator "ChessBase"]
[PlyCount "37"]
[EventDate "2019.12.13"]
[EventType "swiss"]
[EventCountry "MEX"]
[SourceTitle "playchess.com"]
[Source "ChessBase"]
[SourceQuality "1"]
[TimeControl "5400+30"]

1. c4 e5 2. Nc3 Nf6 3. Nf3 Nc6 4. e4 Bb4 5. d3 d6 6. a3 Bxc3+ 7. bxc3 h6 8. g3 Be6 9. Bg2 Qd7 10. h3 Ne7 11. Nd2 Ng6 12. Rb1 c6 13. d4 Qc8 14. Qe2 O-O 15. d5 Bd7 16. Qe3 Re8 17. Kf1 Qc7 18. Kg1 Rec8 19. Bb2 1/2-1/2

[Event "XXXI Torre Memorial 2019"]
[Site "Merida"]
[Date "2019.12.16"]
[Round "5.2"]
[White "Fernandez De La Vara, Arnaldo"]
[Black "Miranda Mesa, Elier"]
[Result "0-1"]
[ECO "D15"]
[WhiteElo "2463"]
[BlackElo "2477"]
[Annotator "ChessBase"]
[PlyCount "85"]
[EventDate "2019.12.13"]
[EventType "swiss"]
[EventCountry "MEX"]
[SourceTitle "playchess.com"]
[Source "ChessBase"]
[SourceQuality "1"]
[TimeControl "5400+30"]

1. c4 c6 2. d4 d5 3. Nc3 Nf6 4. Nf3 a6 5. e3 Bf5 6. Ne5 Nbd7 7. Qb3 Qc7 8. cxd5 Nxe5 9. dxe5 Nxd5 10. Bc4 e6 11. e4 Nxc3 12. exf5 Nd5 13. O-O O-O-O 14. Bg5 Rd7 15. Rfe1 Bc5 16. Rac1 Bd4 17. Qh3 Re8 18. fxe6 fxe6 19. Qxh7 Bxb2 20. Rc2 Bd4 21. Qg6 Rf7 22. Ree2 Rff8 23. Qe4 Qb6 24. Rcd2 Nc3 25. Qxd4 Qb1+ 26. Rd1 Qxd1+ 27. Qxd1 Nxd1 28. Bd3 Nc3 29. Rc2 Nd5 30. Bg6 Kc7 31. Bxe8 Rxe8 32. Rc4 b5 33. Rh4 Kb6 34. Rh7 Rg8 35. f4 b4 36. g4 g6 37. Kf2 a5 38. Ke2 a4 39. Kd2 b3 40. Kc1 c5 41. axb3 axb3 42. h4 Ra8 43. Rd7 0-1

[Event "XXXI Torre Memorial 2019"]
[Site "Merida"]
[Date "2019.12.16"]
[Round "5.3"]
[White "Cordova, Emilio"]
[Black "Rodriguez Vila, Andres"]
[Result "1-0"]
[ECO "A88"]
[WhiteElo "2585"]
[BlackElo "2463"]
[Annotator "ChessBase"]
[PlyCount "51"]
[EventDate "2019.12.13"]
[EventType "swiss"]
[EventCountry "MEX"]
[SourceTitle "playchess.com"]
[Source "ChessBase"]
[SourceQuality "1"]
[TimeControl "5400+30"]

1. d4 f5 2. c4 Nf6 3. Nf3 g6 4. g3 Bg7 5. Bg2 O-O 6. Nc3 d6 7. O-O c6 8. d5 Bd7 9. e4 fxe4 10. Ng5 cxd5 11. cxd5 Na6 12. Ncxe4 Rc8 13. Be3 b6 14. Nc3 Nc5 15. Qe2 Bg4 16. f3 Bf5 17. Rad1 Qe8 18. Rfe1 Rb8 19. Bd4 Rb7 20. b4 Na4 21. Qa6 Nxc3 22. Qxb7 Bc8 23. Qxa7 Nb5 24. Qxe7 Nxd4 25. Rxd4 Qxe7 26. Rxe7 1-0

[Event "XXXI Torre Memorial 2019"]
[Site "Merida"]
[Date "2019.12.16"]
[Round "5.4"]
[White "Albornoz Cabrera, Carlos Daniel"]
[Black "Martinez Ramirez, Lennis"]
[Result "1-0"]
[ECO "C65"]
[WhiteElo "2555"]
[BlackElo "2454"]
[Annotator "ChessBase"]
[PlyCount "58"]
[EventDate "2019.12.13"]
[EventType "swiss"]
[EventCountry "MEX"]
[SourceTitle "playchess.com"]
[Source "ChessBase"]
[SourceQuality "1"]
[TimeControl "5400+30"]

1. e4 e5 2. Nf3 Nc6 3. Bb5 Nf6 4. d3 Ne7 5. d4 c6 6. dxe5 Nxe4 7. Bd3 Nc5 8. O-O d5 9. exd6 Qxd6 10. Re1 Nxd3 11. Nc3 Bf5 12. cxd3 O-O-O 13. Ne5 Bg6 14. Bf4 Nd5 15. Bg3 Qb4 16. a3 Nxc3 17. bxc3 Qc5 18. d4 Qxc3 19. Rc1 Qxd4 20. Qb3 Qb6 21. Qf3 Bc5 22. Nc4 Bxf2+ 23. Bxf2 Qa6 24. Bg3 Rd4 25. Nd6+ Kd8 26. Qe3 Rxd6 27. Qe7+ Kc8 28. Qxd6 Qb6+ 29. Kh1 c5 1-0

[Event "XXXI Torre Memorial 2019"]
[Site "Merida"]
[Date "2019.12.16"]
[Round "5.5"]
[White "Vera Gonzalez-Quevedo, Reynaldo"]
[Black "Almeida Quintana, Omar"]
[Result "0-1"]
[ECO "B06"]
[WhiteElo "2436"]
[BlackElo "2554"]
[Annotator "ChessBase"]
[PlyCount "68"]
[EventDate "2019.12.13"]
[EventType "swiss"]
[EventCountry "MEX"]
[SourceTitle "playchess.com"]
[Source "ChessBase"]
[SourceQuality "1"]
[TimeControl "5400+30"]

1. d4 d6 2. Nf3 g6 3. c4 Bg7 4. e4 Bg4 5. Be2 Nc6 6. Nbd2 e5 7. d5 Nce7 8. O-O Nf6 9. b4 O-O 10. Ba3 c6 11. dxc6 bxc6 12. Rc1 Bh6 13. Rc3 d5 14. exd5 cxd5 15. b5 Re8 16. Nxe5 Bxe2 17. Qxe2 Nf5 18. Ndf3 Nd7 19. Rd3 d4 20. g4 Nh4 21. Nxh4 Nxe5 22. Rh3 d3 23. Qd1 d2 24. Nf3 Nxf3+ 25. Rxf3 Qd4 26. Rh3 Bg5 27. Kg2 Rad8 28. Rb3 Qxc4 29. Bb4 Qxb5 30. h4 Bxh4 31. Kh3 Qxf1+ 32. Qxf1 d1=Q 33. Qxd1 Rxd1 34. Kxh4 Rb8 0-1

[Event "XXXI Torre Memorial 2019"]
[Site "Merida"]
[Date "2019.12.16"]
[Round "5.6"]
[White "Berdayes Ason, Dylan Isidro"]
[Black "Ortiz Suarez, Isan Reynaldo"]
[Result "1/2-1/2"]
[ECO "B51"]
[WhiteElo "2448"]
[BlackElo "2549"]
[Annotator "ChessBase"]
[PlyCount "97"]
[EventDate "2019.12.13"]
[EventType "swiss"]
[EventCountry "MEX"]
[SourceTitle "playchess.com"]
[Source "ChessBase"]
[SourceQuality "1"]
[TimeControl "5400+30"]

1. e4 c5 2. Nf3 d6 3. Bb5+ Nd7 4. O-O a6 5. Bd3 Ngf6 6. Re1 e6 7. c3 b5 8. Bc2 Bb7 9. d4 Be7 10. Nbd2 Qc7 11. Nf1 O-O 12. Ng3 Rfc8 13. Bd3 Bf8 14. Qe2 c4 15. Bc2 e5 16. d5 g6 17. h3 Bg7 18. Nh2 a5 19. Ng4 Nxg4 20. Qxg4 Nc5 21. Bd2 Rab8 22. Qh4 Rf8 23. Rab1 Ba6 24. a3 Rb7 25. Re3 Qd8 26. Qxd8 Rxd8 27. Ree1 h5 28. Ne2 Kh7 29. g4 hxg4 30. hxg4 Bh6 31. g5 Bg7 32. Kg2 Rh8 33. Rh1+ Kg8 34. Rxh8+ Bxh8 35. Ng1 Bg7 36. Nf3 Bf8 37. Nh2 Nd7 38. Rh1 Bg7 39. Ng4 Rb8 40. Kg3 Bc8 41. f3 Rb7 42. Bd1 Kf8 43. Be2 f5 44. gxf6 Nxf6 45. Nxf6 Bxf6 46. Bf1 Kg7 47. Bh3 Bxh3 48. Rxh3 Bd8 49. a4 1/2-1/2

[Event "XXXI Torre Memorial 2019"]
[Site "Merida"]
[Date "2019.12.16"]
[Round "5.7"]
[White "Alvarez Pedraza, Aramis"]
[Black "Macieja, Bartlomiej"]
[Result "1/2-1/2"]
[ECO "E21"]
[WhiteElo "2429"]
[BlackElo "2513"]
[Annotator "ChessBase"]
[PlyCount "58"]
[EventDate "2019.12.13"]
[EventType "swiss"]
[EventCountry "MEX"]
[SourceTitle "playchess.com"]
[Source "ChessBase"]
[SourceQuality "1"]
[TimeControl "5400+30"]

1. d4 Nf6 2. c4 e6 3. Nc3 Bb4 4. Nf3 b6 5. Qc2 Bb7 6. a3 Bxc3+ 7. Qxc3 O-O 8. e3 a5 9. b3 d6 10. Bb2 Nbd7 11. Be2 Ne4 12. Qc2 f5 13. d5 exd5 14. Nd4 Qe7 15. cxd5 Bxd5 16. Bc4 Bxc4 17. Qxc4+ Qf7 18. Ne6 b5 19. Qd4 Ndc5 20. Nxf8 Nxb3 21. Qd3 Nxa1 22. Bxa1 Rxf8 23. Qxb5 f4 24. exf4 Qxf4 25. O-O Qf5 26. Qc6 Rf7 27. Qe8+ Rf8 28. Qc6 Rf7 29. Qe8+ Rf8 1/2-1/2

[Event "XXXI Torre Memorial 2019"]
[Site "Merida"]
[Date "2019.12.16"]
[Round "5.8"]
[White "Obregon Rivero, Juan Carlos"]
[Black "Fernandez Cardoso, Alexey"]
[Result "0-1"]
[ECO "E67"]
[WhiteElo "2513"]
[BlackElo "2441"]
[Annotator "ChessBase"]
[PlyCount "144"]
[EventDate "2019.12.13"]
[EventType "swiss"]
[EventCountry "MEX"]
[SourceTitle "playchess.com"]
[Source "ChessBase"]
[SourceQuality "1"]
[TimeControl "5400+30"]

1. d4 Nf6 2. Nf3 g6 3. c4 Bg7 4. g3 O-O 5. Nc3 d6 6. Bg2 Nbd7 7. O-O e5 8. Qc2 c6 9. Rd1 Re8 10. dxe5 dxe5 11. Ng5 Qe7 12. Nge4 Nc5 13. Nxc5 Qxc5 14. Na4 Qe7 15. Be3 Bf5 16. Qb3 Qc7 17. Bc5 Qc8 18. Nc3 h5 19. Qa3 e4 20. Bd4 Bf8 21. b4 Nh7 22. c5 h4 23. Qc1 Qe6 24. f3 exf3 25. exf3 h3 26. Bf1 Rad8 27. Ne2 Qe7 28. Qc3 Ng5 29. Kf2 Qc7 30. Bf6 Rxd1 31. Rxd1 Nh7 32. Bd4 Bh6 33. f4 Qd7 34. Qb3 Be6 35. Be5 Bd5 36. Qc3 Qf5 37. Nd4 Qe4 38. Nf3 a5 39. bxa5 Qa4 40. Rd2 Ra8 41. Bxh3 Qxa5 42. Qxa5 Rxa5 43. Bc8 Rxc5 44. Bxb7 Nf8 45. a3 Bxf3 46. Bd4 Rb5 47. Rb2 Rxb2+ 48. Bxb2 Bd5 49. a4 Ne6 50. a5 Bf8 51. a6 Bc5+ 52. Ke1 Ba7 53. Kf1 Nd4 54. h3 Kf8 55. g4 Ke7 56. Kf2 Kd7 57. h4 Nf5+ 58. Ke2 Nxh4 59. Bf6 Nf3 60. Kd3 Bc5 61. g5 Kc7 62. Bc3 Ba7 63. Ba5+ Kd7 64. Bc3 Nh4 65. Be5 Nf5 66. Kc3 Nd6 67. Kd3 Bc4+ 68. Kc3 Bf1 69. Kb4 Nb5 70. Ka5 Nc7 71. Bc3 Nd5 72. Bd2 Be2 0-1

[Event "XXXI Torre Memorial 2019"]
[Site "Merida"]
[Date "2019.12.16"]
[Round "5.9"]
[White "Elias Reyes, Jorge Roberto"]
[Black "Espinosa Veloz, Ermes"]
[Result "1/2-1/2"]
[ECO "B89"]
[WhiteElo "2379"]
[BlackElo "2489"]
[Annotator "ChessBase"]
[PlyCount "72"]
[EventDate "2019.12.13"]
[EventType "swiss"]
[EventCountry "MEX"]
[SourceTitle "playchess.com"]
[Source "ChessBase"]
[SourceQuality "1"]
[TimeControl "5400+30"]

1. e4 c5 2. Nf3 d6 3. d4 cxd4 4. Nxd4 Nf6 5. Nc3 Nc6 6. Bc4 e6 7. Be3 a6 8. Bb3 Qc7 9. O-O Na5 10. f4 b5 11. f5 Nxb3 12. axb3 b4 13. Ncb5 Qb7 14. fxe6 fxe6 15. Nxe6 Bxe6 16. Nxd6+ Bxd6 17. Qxd6 Kf7 18. e5 Rhd8 19. Qb6 Qxb6 20. Bxb6 Rd2 21. exf6 gxf6 22. c4 bxc3 23. bxc3 Bd5 24. Bf2 f5 25. c4 Be4 26. Rfd1 Rad8 27. Rxd2 Rxd2 28. h3 Rb2 29. Rxa6 Rb1+ 30. Kh2 Rb2 31. Kg1 Rb1+ 32. Kh2 Rb2 33. Ra7+ Ke6 34. Kg1 Rb1+ 35. Kh2 Rb2 36. Kg1 Rb1+ {Ra1} 1/2-1/2

[Event "XXXI Torre Memorial 2019"]
[Site "Merida"]
[Date "2019.12.16"]
[Round "5.10"]
[White "Hevia Alejano, Carlos Antonio"]
[Black "Lopez Gonzalez, Abel Fabian"]
[Result "1/2-1/2"]
[ECO "A06"]
[WhiteElo "2465"]
[BlackElo "2379"]
[Annotator "ChessBase"]
[PlyCount "65"]
[EventDate "2019.12.13"]
[EventType "swiss"]
[EventCountry "MEX"]
[SourceTitle "playchess.com"]
[Source "ChessBase"]
[SourceQuality "1"]
[TimeControl "5400+30"]

1. Nf3 d5 2. b3 Bg4 3. e3 e5 4. h3 Bxf3 5. Qxf3 Nf6 6. Bb2 Nbd7 7. c4 e4 8. Qd1 dxc4 9. Bxc4 Bd6 10. Nc3 c6 11. Be2 Qe7 12. Qc2 Rd8 13. Rd1 Nc5 14. b4 Nd3+ 15. Bxd3 exd3 16. Qxd3 Bxb4 17. Qc2 O-O 18. O-O Rd7 19. Ne2 Ne4 20. d3 Qc5 21. Qb3 Nd2 22. Rxd2 Bxd2 23. Ba3 Qd5 24. Bxf8 Qxb3 25. axb3 Kxf8 26. d4 Bb4 27. Nf4 Ke7 28. Nd3 Bd6 29. Ra1 b6 30. Rc1 Rc7 31. e4 Kd7 32. f4 a5 33. Kf2 1/2-1/2

[Event "XXXI Torre Memorial 2019"]
[Site "Merida"]
[Date "2019.12.16"]
[Round "5.11"]
[White "Kevlishvili, Robby"]
[Black "Vitier Vazquez, Cristian"]
[Result "1-0"]
[ECO "C03"]
[WhiteElo "2457"]
[BlackElo "2405"]
[Annotator "ChessBase"]
[PlyCount "89"]
[EventDate "2019.12.13"]
[EventType "swiss"]
[EventCountry "MEX"]
[SourceTitle "playchess.com"]
[Source "ChessBase"]
[SourceQuality "1"]
[TimeControl "5400+30"]

1. e4 e6 2. d4 d5 3. Nd2 Be7 4. Ngf3 Nf6 5. e5 Nfd7 6. Bd3 c5 7. c3 Nc6 8. O-O g5 9. b4 cxb4 10. cxb4 Nxb4 11. Be2 g4 12. Ne1 h5 13. Nb3 Nb6 14. f3 g3 15. hxg3 Na4 16. Bd2 Bd7 17. a3 Nc6 18. Rb1 a6 19. f4 b5 20. Bxh5 Bxa3 21. g4 Qe7 22. Nf3 O-O-O 23. Be1 Rdg8 24. Bh4 Qf8 25. Qc2 Kb8 26. Na5 Nxa5 27. Qxa4 Nc4 28. Qxa6 b4 29. Rb3 Qc8 30. Rxa3 Nxa3 31. Qd6+ Qc7 32. Qxb4+ Nb5 33. Bf6 Qc4 34. Qxc4 dxc4 35. Bxf7 Rf8 36. Bxh8 Rxf7 37. Bf6 Bc6 38. f5 exf5 39. gxf5 c3 40. Rc1 Ra7 41. e6 Ra2 42. Be5+ Kb7 43. f6 Bd5 44. f7 Ra8 45. Bg7 1-0

[Event "XXXI Torre Memorial 2019"]
[Site "Merida"]
[Date "2019.12.16"]
[Round "5.12"]
[White "Diaz Perez, Michel Alejandro"]
[Black "Diaz Rosas, Julio Cesar"]
[Result "1/2-1/2"]
[ECO "B92"]
[WhiteElo "2455"]
[BlackElo "2365"]
[Annotator "ChessBase"]
[PlyCount "184"]
[EventDate "2019.12.13"]
[EventType "swiss"]
[EventCountry "MEX"]
[SourceTitle "playchess.com"]
[Source "ChessBase"]
[SourceQuality "1"]
[TimeControl "5400+30"]

1. e4 c5 2. Nf3 d6 3. d4 cxd4 4. Nxd4 Nf6 5. Nc3 a6 6. Be2 e5 7. Nb3 Be7 8. Be3 Be6 9. O-O O-O 10. Qd2 Nbd7 11. a4 Nb6 12. a5 Nc4 13. Bxc4 Bxc4 14. Rfd1 Rc8 15. f3 d5 16. Nxd5 Nxd5 17. exd5 Qd6 18. Bb6 h6 19. Rac1 Bg5 20. Be3 Bxe3+ 21. Qxe3 Rfd8 22. Rd2 Bxb3 23. Qxb3 Qc5+ 24. Kh1 Qxa5 25. Rcd1 Qc7 26. Qe3 Qd6 27. Qe4 b5 28. Re1 Rc5 29. Red1 Rc4 30. Qe2 Rc5 31. h3 b4 32. Qe4 a5 33. b3 Kh8 34. h4 Kg8 35. h5 Kh8 36. g4 Kg8 37. Qf5 f6 38. Qg6 Rc3 39. Kg2 Re3 40. Qf5 Rc3 41. Qe4 Rc5 42. Qe2 Kh8 43. Rd3 Kg8 44. R1d2 Kh8 45. Qe4 Rdc8 46. Qe2 Rd8 47. Kf1 Rc7 48. Qf2 Qa6 49. Qe2 Rd6 50. Qe4 Qc8 51. Qe2 Rc5 52. Ke1 Qa8 53. Qe4 Rc8 54. Kd1 Rcd8 55. Kc1 a4 56. Qxb4 axb3 57. Rxb3 Rxd5 58. Rxd5 Qxd5 59. Rd3 Qa8 60. Rxd8+ Qxd8 61. Qd2 Qa8 62. Qd3 Kg8 63. c4 Kf7 64. Qd7+ Kf8 65. Qd6+ Kf7 66. c5 Qxf3 67. Qd7+ Kf8 68. c6 Qa3+ 69. Kc2 Qe7 70. Qb7 Ke8 71. Qb8+ Kf7 72. c7 Qc5+ 73. Kb2 Qd4+ 74. Ka3 Qa1+ 75. Kb4 Qb2+ 76. Ka5 Qa3+ 77. Kb5 Qb3+ 78. Kc5 Qc3+ 79. Kd5 Qd4+ 80. Kc6 Qc4+ 81. Kb6 Qb4+ 82. Ka6 Qa4+ 83. Kb6 Qb4+ 84. Kc6 Qc4+ 85. Kb7 Qb5+ 86. Ka7 Qa5+ 87. Kb7 Qb5+ 88. Kc8 Qe8+ 89. Kb7 Qb5+ 90. Ka8 Qa6+ 91. Qa7 Qc8+ 92. Qb8 Qa6+ 1/2-1/2

[Event "XXXI Torre Memorial 2019"]
[Site "Merida"]
[Date "2019.12.16"]
[Round "5.13"]
[White "Kambrath, Yannick"]
[Black "Ramirez, Alejandro"]
[Result "1/2-1/2"]
[ECO "E47"]
[WhiteElo "2371"]
[BlackElo "2589"]
[Annotator "ChessBase"]
[PlyCount "81"]
[EventDate "2019.12.13"]
[EventType "swiss"]
[EventCountry "MEX"]
[SourceTitle "playchess.com"]
[Source "ChessBase"]
[SourceQuality "1"]
[TimeControl "5400+30"]

1. d4 Nf6 2. c4 e6 3. Nc3 Bb4 4. e3 O-O 5. Bd3 Re8 6. Nge2 d5 7. O-O Nbd7 8. cxd5 exd5 9. Qb3 Bd6 10. Nxd5 Nxd5 11. Qxd5 Nc5 12. Qc4 Be6 13. Bxh7+ Kh8 14. Qc2 Qh4 15. Nf4 Bxf4 16. exf4 Bd5 17. Bf5 Ne6 18. Qc3 Rad8 19. Rd1 Qh5 20. Bc2 Rd6 21. h3 Rc6 22. Qd3 Nxd4 23. Qxd4 Rxc2 24. Be3 c6 25. f5 Qxf5 26. Rd2 Re4 27. Qd3 Rxd2 28. Qxd2 Rc4 29. Rc1 Qg6 30. f3 Rxc1+ 31. Qxc1 Bxf3 32. Qf1 Bd5 33. Bxa7 Bxa2 34. Qf4 f6 35. Bd4 Bd5 36. Qg4 Qc2 37. Qh5+ Qh7 38. Qxh7+ Kxh7 39. Kf2 Kg6 40. g3 Kf5 41. Ke3 {[%emt 0:00:40] Ke5 Ke4+} 1/2-1/2

[Event "XXXI Torre Memorial 2019"]
[Site "Merida"]
[Date "2019.12.16"]
[Round "5.14"]
[White "Gonzalez Zamora, Juan Carlos"]
[Black "Perez Garcia, Rodney Oscar"]
[Result "1-0"]
[ECO "A06"]
[WhiteElo "2535"]
[BlackElo "2341"]
[Annotator "ChessBase"]
[PlyCount "175"]
[EventDate "2019.12.13"]
[EventType "swiss"]
[EventCountry "MEX"]
[SourceTitle "playchess.com"]
[Source "ChessBase"]
[SourceQuality "1"]
[TimeControl "5400+30"]

1. Nf3 d5 2. g3 Nf6 3. Bg2 e6 4. O-O Be7 5. c4 O-O 6. Ne5 c5 7. d3 Nbd7 8. Nf3 b6 9. Nc3 Bb7 10. Re1 dxc4 11. dxc4 Ne4 12. Nxe4 Bxe4 13. Qa4 Qc7 14. Bf4 Qb7 15. Red1 Rfd8 16. Rd2 Nf6 17. Rad1 Rxd2 18. Rxd2 Rd8 19. Rxd8+ Bxd8 20. Qd1 Be7 21. Ne1 Bxg2 22. Nxg2 Kf8 23. Ne1 Qe4 24. b3 Ke8 25. f3 Qc6 26. Be5 g6 27. Qd2 Nd7 28. Nd3 Nxe5 29. Nxe5 Qc7 30. f4 Bf6 31. Nf3 h5 32. e4 Qc6 33. Qd3 a6 34. e5 Be7 35. Kf2 b5 36. Ke3 b4 37. h3 Qc7 38. Qd2 Bd8 39. Qc2 Qd7 40. g4 hxg4 41. hxg4 Be7 42. Qe4 Qd1 43. Kf2 Qh1 44. g5 Kf8 45. Qa8+ Kg7 46. Qxa6 Qc1 47. Kg3 Qb2 48. Qa8 Bf8 49. Nh2 Qc3+ 50. Qf3 Qe1+ 51. Qf2 Qc3+ 52. Nf3 Be7 53. Qd2 Qa1 54. Kg2 Qb1 55. Nh2 Qe4+ 56. Kg3 Qb1 57. Ng4 Qg1+ 58. Qg2 Qe1+ 59. Qf2 Qb1 60. Ne3 Qd3 61. Kf3 Qb1 62. Qh2 Qa1 63. Qg2 Qb1 64. Qd2 Qh1+ 65. Kg3 Qg1+ 66. Ng2 Qa1 67. Ne1 Qb1 68. Nd3 Qg1+ 69. Kf3 Qf1+ 70. Ke3 Qa1 71. Ke2 Qg1 72. Qe1 Qd4 73. Qc1 Bf8 74. a4 bxa3 75. Qxa3 Qg1 76. Qc1 Qg2+ 77. Nf2 Be7 78. Qe3 Qa8 79. Qd2 Qa3 80. Qc2 Bd8 81. Nd3 Qa8 82. Nf2 Ba5 83. Ne4 Bb4 84. Qb1 Qh8 85. Ng3 Qh2+ 86. Kf3 Bc3 87. Qh1 Qc2 88. Ne4 1-0

[Event "XXXI Torre Memorial 2019"]
[Site "Merida"]
[Date "2019.12.16"]
[Round "5.15"]
[White "Fernandez Guillen, Ernesto J."]
[Black "Fernandez Mayola, Reynold Rafael"]
[Result "1-0"]
[ECO "C54"]
[WhiteElo "2407"]
[BlackElo "2328"]
[Annotator "NA"]
[PlyCount "115"]
[EventDate "2019.12.13"]
[EventType "swiss"]
[EventCountry "MEX"]
[SourceTitle "playchess.com"]
[Source "ChessBase"]
[SourceQuality "1"]
[TimeControl "5400+30"]

1. e4 e5 2. Nf3 Nc6 3. Bc4 Bc5 4. c3 Nf6 5. d3 d6 6. Nbd2 a5 7. Bb5 O-O 8. O-O Na7 9. Ba4 b5 10. Bc2 Nc6 11. h3 h6 12. a4 b4 13. Nb3 Bb6 14. d4 Ba6 15. Re1 bxc3 16. bxc3 exd4 17. Nfxd4 Ne7 18. Qf3 c5 19. Ne2 Ng6 20. Nf4 Ne5 21. Qg3 Kh8 22. Nd2 Re8 23. c4 Nc6 24. Bb2 Nd4 25. Bd3 Rb8 26. Bc3 Qd7 27. Nd5 Bd8 28. f4 Nxd5 29. cxd5 Bxd3 30. Qxd3 Bh4 31. Reb1 Bf6 32. Nc4 Ne2+ 33. Qxe2 Bxc3 34. Rxb8 Rxb8 35. Rc1 Bd4+ 36. Kh2 f5 37. Nxa5 Re8 38. Qb5 Qxb5 39. axb5 fxe4 40. b6 e3 41. b7 e2 42. Re1 Bc3 43. Rxe2 Rb8 44. Nc4 Rxb7 45. Nxd6 Rd7 46. Nb5 Bb4 47. Re5 c4 48. Kg3 Rb7 49. Nd4 Bc3 50. Re8+ Kh7 51. Ne6 Bb4 52. Kf3 c3 53. Rc8 Ra7 54. Rc4 Ra1 55. Rxb4 c2 56. Rc4 c1=Q 57. Rxc1 Rxc1 58. Ke4 1-0

[Event "XXXI Torre Memorial 2019"]
[Site "Merida"]
[Date "2019.12.16"]
[Round "5.16"]
[White "Ochoa de la Rosa, Manuel Dario"]
[Black "Martin Del Campo C., Roberto"]
[Result "0-1"]
[ECO "E71"]
[WhiteElo "2403"]
[BlackElo "2314"]
[Annotator "NA"]
[PlyCount "104"]
[EventDate "2019.12.13"]
[EventType "swiss"]
[EventCountry "MEX"]
[SourceTitle "playchess.com"]
[Source "ChessBase"]
[SourceQuality "1"]
[TimeControl "5400+30"]

1. d4 Nf6 2. c4 d6 3. Nc3 g6 4. e4 Bg7 5. h3 O-O 6. Be3 e5 7. d5 c6 8. g4 a6 9. Nge2 b5 10. Ng3 bxc4 11. Bxc4 c5 12. Qd2 Nbd7 13. f3 Rb8 14. a3 Qa5 15. h4 Nb6 16. Bb3 c4 17. Bc2 Nbd7 18. Na4 Qc7 19. h5 a5 20. g5 Nxh5 21. Nxh5 gxh5 22. Qh2 Re8 23. Qxh5 Nf8 24. Rb1 Bd7 25. Nc3 Rb7 26. Nd1 Reb8 27. Rc1 Qd8 28. Bd2 Be8 29. Qh4 f6 30. Nf2 Rxb2 31. Ng4 c3 32. Be3 fxg5 33. Bxg5 Qb6 34. Bh6 Rb7 35. Qg5 Kh8 36. Nf6 Bg6 37. Ng4 Rf7 38. Bxg7+ Kxg7 39. Ne3 Rxf3 40. Nf5+ Kg8 41. Rh2 Qa6 42. Re2 Qb6 43. Qg2 Rf4 44. Qg3 Rxc2 45. Rexc2 Rxe4+ 46. Kd1 Kh8 47. Rg2 Qb3+ 48. Rcc2 Bh5+ 49. Kc1 Qxa3+ 50. Kb1 Rb4+ 51. Rb2 Rxb2+ 52. Rxb2 Qxb2# 0-1

[Event "XXXI Torre Memorial 2019"]
[Site "Merida"]
[Date "2019.12.16"]
[Round "5.17"]
[White "Morales Romero, Pedro"]
[Black "Leon Valdes, Jony Wilson"]
[Result "1/2-1/2"]
[ECO "C01"]
[WhiteElo "2328"]
[BlackElo "2398"]
[Annotator "NA"]
[PlyCount "50"]
[EventDate "2019.12.13"]
[EventType "swiss"]
[EventCountry "MEX"]
[SourceTitle "playchess.com"]
[Source "ChessBase"]
[SourceQuality "1"]
[TimeControl "5400+30"]

1. e4 e6 2. d4 d5 3. exd5 exd5 4. Bd3 Bd6 5. Ne2 Ne7 6. Bf4 O-O 7. O-O Nbc6 8. c3 Bf5 9. Bxf5 Nxf5 10. Bxd6 Qxd6 11. Nd2 Rae8 12. Ng3 Nxg3 13. hxg3 Re7 14. Nf3 Rfe8 15. Re1 h6 16. Qd2 Rxe1+ 17. Rxe1 Rxe1+ 18. Qxe1 Qe7 19. Qxe7 Nxe7 20. Kf1 Kf8 21. Ke2 f6 22. Kd3 Nc8 23. b3 Ke7 24. Nd2 Nd6 25. f3 c6 1/2-1/2

[Event "XXXI Torre Memorial 2019"]
[Site "Merida"]
[Date "2019.12.16"]
[Round "5.18"]
[White "Figueredo Losada, Leonel"]
[Black "Noboa Silva, Kevin"]
[Result "0-1"]
[ECO "E49"]
[WhiteElo "2381"]
[BlackElo "2306"]
[Annotator "NA"]
[PlyCount "50"]
[EventDate "2019.12.13"]
[EventType "swiss"]
[EventCountry "MEX"]
[SourceTitle "playchess.com"]
[Source "ChessBase"]
[SourceQuality "1"]
[TimeControl "5400+30"]

1. d4 e6 2. c4 Nf6 3. Nc3 Bb4 4. e3 O-O 5. Bd3 d5 6. a3 Bxc3+ 7. bxc3 dxc4 8. Bxc4 c5 9. Ne2 Qc7 10. Ba2 b6 11. O-O Ba6 12. f3 Nc6 13. Rf2 Rfd8 14. Qa4 Qc8 15. Bb2 e5 16. Rc1 Bd3 17. dxc5 b5 18. Qh4 Ne7 19. Re1 Nf5 20. Qh3 Qxc5 21. f4 Nxe3 22. fxe5 Bxe2 23. exf6 Ng4 24. Qg3 Rd2 25. Bc1 Rd4 0-1

[Event "XXXI Torre Memorial 2019"]
[Site "Merida"]
[Date "2019.12.17"]
[Round "7.1"]
[White "Santiago, Yago De Moura"]
[Black "Cordova, Emilio"]
[Result "1/2-1/2"]
[ECO "E12"]
[WhiteElo "2479"]
[BlackElo "2585"]
[Annotator "ChessBase"]
[PlyCount "50"]
[EventDate "2019.12.13"]
[EventType "swiss"]
[EventCountry "MEX"]
[SourceTitle "playchess.com"]
[Source "ChessBase"]
[SourceQuality "1"]
[TimeControl "5400+30"]

1. d4 Nf6 2. c4 e6 3. Nf3 b6 4. a3 Ba6 5. Qc2 Bb7 6. Nc3 c5 7. dxc5 Bxc5 8. Bf4 O-O 9. Rd1 a5 10. e3 Na6 11. Bd3 Be7 12. Ng5 h6 13. Nh7 Nxh7 14. Bxh7+ Kh8 15. Be4 Qc8 16. Bxb7 Qxb7 17. Qe4 Qc6 18. O-O Nc5 19. Qxc6 dxc6 20. Bd6 Bxd6 21. Rxd6 Rfc8 22. Rfd1 a4 23. Kf1 Kg8 24. Ke2 Kf8 25. h3 Rab8 1/2-1/2

[Event "XXXI Torre Memorial 2019"]
[Site "Merida"]
[Date "2019.12.17"]
[Round "7.2"]
[White "Albornoz Cabrera, Carlos Daniel"]
[Black "Miranda Mesa, Elier"]
[Result "1/2-1/2"]
[ECO "B12"]
[WhiteElo "2555"]
[BlackElo "2477"]
[Annotator "ChessBase"]
[PlyCount "51"]
[EventDate "2019.12.13"]
[EventType "swiss"]
[EventCountry "MEX"]
[SourceTitle "playchess.com"]
[Source "ChessBase"]
[SourceQuality "1"]
[TimeControl "5400+30"]

1. e4 c6 2. d4 d5 3. e5 Bf5 4. Nf3 e6 5. Be2 Ne7 6. O-O Ng6 7. c3 f6 8. Bd3 Bxd3 9. Qxd3 f5 10. Ng5 Qd7 11. Qg3 Ne7 12. h4 Na6 13. b3 h6 14. Nh3 Rg8 15. Nd2 O-O-O 16. Nf3 Kb8 17. Nf4 g6 18. Nd3 Nc8 19. a4 Nc7 20. Nh2 Na6 21. Be3 Qe8 22. f4 Nb6 23. Nf3 Rc8 24. Qf2 Be7 25. Rfc1 Nd7 26. c4 1/2-1/2